BLB
CAROLINA TOBS @ PHOENIX ROADRUNNERS
05/27/2060
 
TOP OF THE 1ST
Carolina Tobs batting - Pitching for Phoenix Roadrunners : RHP Braydon Cox
Pitching: RHP Braydon Cox
Batting: SHB Sean Benjamin 0-0: Ball
1-0: Foul Ball, location: 2F
1-1: Ground out U3 (Groundball, 3, EV 86.9 MPH)
Batting: LHB Spencer DeSimone 0-0: Called Strike
0-1: Foul Ball, location: 2F
0-2: Fly out, F7 (Line Drive, 7, EV 105.0 MPH)
Batting: LHB Trent West 0-0: Called Strike
0-1: SINGLE (Groundball, 34D, EV 108.8 MPH)
Batting: LHB Evan Turner 0-0: Fly out, F8 (Flyball, 8LM, EV 92.5 MPH)
Top of the 1st over - 0 runs, 1 hit, 0 errors, 1 left on base; Carolina 0 - Phoenix 0
BOTTOM OF THE 1ST
Phoenix Roadrunners batting - Pitching for Carolina Tobs : LHP Chase Vaughan
Pitching: LHP Chase Vaughan
Batting: RHB Rick Anderson 0-0: Swinging Strike
0-1: Swinging Strike
0-2: Strikes out swinging
Batting: RHB Harrison Jordan 0-0: Fly out, F8 (Flyball, 8RD, EV 91.9 MPH)
Batting: RHB Reginald Botoman 0-0: Foul Ball, location: 2F
0-1: Ball
1-1: Foul Ball, location: 2F
1-2: Ball
2-2: SINGLE (Line Drive, 56, EV 96.2 MPH)
Batting: RHB Cody Barkley 0-0: Ball
Reginald Botoman is caught stealing 2nd base 2-4
Bottom of the 1st over - 0 runs, 1 hit, 0 errors, 0 left on base; Carolina 0 - Phoenix 0
TOP OF THE 2ND
Carolina Tobs batting - Pitching for Phoenix Roadrunners : RHP Braydon Cox
Batting: LHB Clay Newhouse 0-0: Ball
1-0: Called Strike
1-1: Ball
2-1: Foul Ball, location: 2F
2-2: Fly out, F6 (Popup, 6D, EV 68.1 MPH)
Batting: RHB Rykeem Potts 0-0: Called Strike
0-1: Hit by Pitch
Batting: LHB Scott Davila 0-0: Ball
1-0: Ball
2-0: Foul Ball, location: 2F
2-1: Ball
Wild Pitch!
Rykeem Potts to second
3-1: Foul Ball, location: 2F
3-2: Foul Ball, location: 2F
3-2: Foul Ball, location: 2F
3-2: Base on Balls
Batting: SHB Shaunte Panteleo 0-0: Fly out, F8 (Flyball, 89S, EV 93.8 MPH)
Batting: RHB Casey Suggs 0-0: Foul Ball, location: 2F
0-1: Ball
1-1: Called Strike
1-2: Strikes out looking
Top of the 2nd over - 0 runs, 0 hits, 0 errors, 2 left on base; Carolina 0 - Phoenix 0
BOTTOM OF THE 2ND
Phoenix Roadrunners batting - Pitching for Carolina Tobs : LHP Chase Vaughan
Batting: RHB Cody Barkley 0-0: Called Strike
0-1: Swinging Strike
0-2: Strikes out swinging
Batting: LHB Dwight Bell 0-0: Called Strike
0-1: Fly out, F7 (Flyball, 78S, EV 94.4 MPH)
Batting: LHB Neil Wanat 0-0: Ground out U3 (Groundball, 3L, EV 77.5 MPH)
Bottom of the 2nd over - 0 runs, 0 hits, 0 errors, 0 left on base; Carolina 0 - Phoenix 0
TOP OF THE 3RD
Carolina Tobs batting - Pitching for Phoenix Roadrunners : RHP Braydon Cox
Batting: SHB Sean Benjamin 0-0: Ball
1-0: Called Strike
1-1: Swinging Strike
1-2: SINGLE (Groundball, 56D, EV 107.5 MPH)
Batting: LHB Spencer DeSimone 0-0: Called Strike
0-1: Grounds into double play, 4-6-3 (Groundball, 34S, EV 80.0 MPH)
Batting: LHB Trent West 0-0: Ball
1-0: Foul Ball, location: 2F
1-1: Ball
2-1: Ground out 6-3 (Groundball, 6, EV 81.9 MPH)
Top of the 3rd over - 0 runs, 1 hit, 0 errors, 0 left on base; Carolina 0 - Phoenix 0
BOTTOM OF THE 3RD
Phoenix Roadrunners batting - Pitching for Carolina Tobs : LHP Chase Vaughan
Batting: RHB Tommy Simpson 0-0: Foul Ball, location: 2F
0-1: Ball
1-1: Called Strike
1-2: Foul Ball, location: 2F
1-2: SINGLE (Flyball, 3D, EV 89.4 MPH)
Batting: RHB Boone Gellings 0-0: Called Strike
0-1: Foul Ball, location: 2F
0-2: Strikes out swinging
Batting: RHB Tyrek Schaaf 0-0: Ball
1-0: Foul Ball, location: 2F
1-1: Called Strike
1-2: Foul Ball, location: 2F
1-2: Ball
2-2: Ball
3-2: Base on Balls
Tommy Simpson to second
Batting: RHB Rick Anderson 0-0: Ball
1-0: Foul Ball, location: 2F
1-1: Ball
2-1: SINGLE (Flyball, 89S, EV 85.0 MPH)
Tommy Simpson to third
Tyrek Schaaf to second
Batting: RHB Harrison Jordan 0-0: Fly out, F8 (Flyball, 8RXD, EV 96.2 MPH)
Runner from 3rd tags up, SCORES, no throw by CF
Tyrek Schaaf to third
Batting: RHB Reginald Botoman 0-0: Fly out, F7 (Flyball, 7LS, EV 80.0 MPH)
Bottom of the 3rd over - 1 run, 2 hits, 0 errors, 2 left on base; Carolina 0 - Phoenix 1
TOP OF THE 4TH
Carolina Tobs batting - Pitching for Phoenix Roadrunners : RHP Braydon Cox
Batting: LHB Evan Turner 0-0: Called Strike
0-1: Ball
1-1: Foul Ball, location: 2F
1-2: SINGLE (Groundball, 34D, EV 102.5 MPH)
Batting: LHB Clay Newhouse 0-0: Called Strike
0-1: Called Strike
0-2: Ball
1-2: Ball
2-2: Ball
3-2: DOUBLE (Groundball, 5L, EV 108.8 MPH)
Evan Turner to third
Evan Turner scores
Batting: RHB Rykeem Potts 0-0: Hit by Pitch
Batting: LHB Scott Davila 0-0: Swinging Strike
0-1: Ball
1-1: Ball
2-1: Called Strike
2-2: Ball
3-2: Fly out, F8 (Flyball, 78D, EV 87.5 MPH)
Batting: SHB Shaunte Panteleo 0-0: Swinging Strike
0-1: Ball
1-1: SINGLE (Groundball, 4MD, EV 103.1 MPH)
Clay Newhouse to third
Rykeem Potts to second
Runner from 3rd tries for Home, SAFE, throw by CF to home
Batting: RHB Casey Suggs 0-0: Foul Ball, location: 2F
0-1: Fielders Choice at 2nd, 3-6 (Groundball, 34S, EV 89.4 MPH)
Rykeem Potts to third
Batting: SHB Sean Benjamin 0-0: Called Strike
0-1: Ball
1-1: Swinging Strike
1-2: Ball
2-2: Strikes out swinging
Top of the 4th over - 2 runs, 3 hits, 0 errors, 2 left on base; Carolina 2 - Phoenix 1
BOTTOM OF THE 4TH
Phoenix Roadrunners batting - Pitching for Carolina Tobs : LHP Chase Vaughan
Batting: RHB Cody Barkley 0-0: Ball
1-0: Called Strike
1-1: Foul Ball, location: 2F
1-2: Ball
2-2: Ball
3-2: Reached on error, E6 (Groundball, 6, EV 103.1 MPH)
Batting: LHB Dwight Bell 0-0: Ball
1-0: Ground out 4-3 (Groundball, 4D, EV 96.9 MPH)
Cody Barkley to third
Batting: LHB Neil Wanat 0-0: Ball
1-0: Ground out 5-3 (Groundball, 5L, EV 83.8 MPH)
Batting: RHB Tommy Simpson 0-0: Swinging Strike
0-1: Ball
1-1: Ball
2-1: Foul Ball, location: 2F
2-2: Strikes out swinging
Bottom of the 4th over - 0 runs, 0 hits, 1 error, 1 left on base; Carolina 2 - Phoenix 1
TOP OF THE 5TH
Carolina Tobs batting - Pitching for Phoenix Roadrunners : RHP Braydon Cox
Batting: LHB Spencer DeSimone 0-0: Ball
1-0: Called Strike
1-1: Ground out 4-3 (Groundball, 4MS, EV 71.9 MPH)
Batting: LHB Trent West 0-0: Called Strike
0-1: Ground out U3 (Groundball, 3L, EV 106.9 MPH)
Batting: LHB Evan Turner 0-0: Fly out, F7 (Flyball, 7LD, EV 95.0 MPH)
Top of the 5th over - 0 runs, 0 hits, 0 errors, 0 left on base; Carolina 2 - Phoenix 1
BOTTOM OF THE 5TH
Phoenix Roadrunners batting - Pitching for Carolina Tobs : LHP Chase Vaughan
Batting: RHB Boone Gellings 0-0: Ball
1-0: Called Strike
1-1: Foul Ball, location: 2F
1-2: Ball
2-2: Strikes out looking
Batting: RHB Tyrek Schaaf 0-0: Swinging Strike
0-1: Ball
1-1: Foul Ball, location: 2F
1-2: Strikes out swinging
Batting: RHB Rick Anderson 0-0: Called Strike
0-1: Called Strike
0-2: Strikes out swinging, 2-3 out at first.
Bottom of the 5th over - 0 runs, 0 hits, 0 errors, 0 left on base; Carolina 2 - Phoenix 1
TOP OF THE 6TH
Carolina Tobs batting - Pitching for Phoenix Roadrunners : RHP Braydon Cox
Batting: LHB Clay Newhouse 0-0: Ball
1-0: Fly out, F5 (Popup, 5F, EV 60.0 MPH)
Batting: RHB Rykeem Potts 0-0: Foul Ball, location: 2F
0-1: Called Strike
0-2: Ball
1-2: Strikes out swinging
Batting: LHB Scott Davila 0-0: Ball
1-0: Fly out, F8 (Line Drive, 8RM, EV 96.9 MPH)
Top of the 6th over - 0 runs, 0 hits, 0 errors, 0 left on base; Carolina 2 - Phoenix 1
BOTTOM OF THE 6TH
Phoenix Roadrunners batting - Pitching for Carolina Tobs : LHP Chase Vaughan
Batting: RHB Harrison Jordan 0-0: Ball
1-0: Called Strike
1-1: SINGLE (Line Drive, 5D, EV 101.9 MPH)
Batting: RHB Reginald Botoman 0-0: Ball
1-0: Ball
2-0: Called Strike
2-1: Swinging Strike
2-2: DOUBLE (Line Drive, 89D, EV 101.2 MPH)
Harrison Jordan to third
Batting: RHB Cody Barkley 0-0: Ball
1-0: Called Strike
1-1: Foul Ball, location: 2F
1-2: Foul Ball, location: 2F
1-2: Strikes out looking
Batting: LHB Dwight Bell 0-0: Foul Ball, location: 2F
0-1: Foul Ball, location: 2F
0-2: Ball
1-2: Foul Ball, location: 2F
1-2: Ball
2-2: Fly out, F7 (Line Drive, 7, EV 94.4 MPH)
Batting: LHB Neil Wanat 0-0: Swinging Strike
0-1: Ball
1-1: Foul Ball, location: 2F
1-2: Ball
2-2: Foul Ball, location: 2F
2-2: Fly out, F8 (Flyball, 8LD, EV 88.1 MPH)
Bottom of the 6th over - 0 runs, 2 hits, 0 errors, 2 left on base; Carolina 2 - Phoenix 1
TOP OF THE 7TH
Carolina Tobs batting - Pitching for Phoenix Roadrunners : RHP Braydon Cox
Batting: SHB Shaunte Panteleo 0-0: Called Strike
0-1: Ball
1-1: Fly out, F9 (Flyball, 9, EV 83.8 MPH)
Batting: RHB Casey Suggs 0-0: Foul Ball, location: 2F
0-1: SINGLE (Groundball, 56D, EV 103.8 MPH)
Batting: SHB Sean Benjamin 0-0: Foul Ball, location: 2F
0-1: Foul Ball, location: 2F
0-2: Ball
1-2: Foul Ball, location: 2F
1-2: Fielders Choice at 2nd, 5-4 (Groundball, 56, EV 82.5 MPH)
Pitching: RHP Slade Runyan
Batting: LHB Spencer DeSimone 0-0: Called Strike
0-1: Ground out 4-3 (Groundball, 34S, EV 93.1 MPH)
Top of the 7th over - 0 runs, 1 hit, 0 errors, 1 left on base; Carolina 2 - Phoenix 1
BOTTOM OF THE 7TH
Phoenix Roadrunners batting - Pitching for Carolina Tobs : LHP Chase Vaughan
Batting: RHB Tommy Simpson 0-0: SINGLE (Flyball, 9S, EV 86.2 MPH)
Batting: RHB Boone Gellings 0-0: Called Strike
0-1: Ball
1-1: Fly out, F4 (Popup, 34, EV 70.6 MPH)
Batting: RHB Tyrek Schaaf 0-0: Ball
1-0: Grounds into double play, 4-6-3 (Groundball, P, EV 81.2 MPH)
Bottom of the 7th over - 0 runs, 1 hit, 0 errors, 0 left on base; Carolina 2 - Phoenix 1
TOP OF THE 8TH
Carolina Tobs batting - Pitching for Phoenix Roadrunners : RHP Slade Runyan
Pitching: LHP Keegan Groves
Batting: LHB Trent West 0-0: Foul Ball, location: 2F
0-1: Ball
1-1: Foul Ball, location: 2F
1-2: Foul Ball, location: 2F
1-2: Fly out, F7 (Flyball, 78S, EV 91.9 MPH)
Batting: LHB Evan Turner 0-0: Called Strike
0-1: Foul Ball, location: 2F
0-2: Strikes out swinging
Batting: LHB Clay Newhouse 0-0: Called Strike
0-1: Ball
1-1: Foul Ball, location: 2F
1-2: Fly out, F9 (Flyball, 9LSF, EV 91.9 MPH)
Top of the 8th over - 0 runs, 0 hits, 0 errors, 0 left on base; Carolina 2 - Phoenix 1
BOTTOM OF THE 8TH
Phoenix Roadrunners batting - Pitching for Carolina Tobs : LHP Chase Vaughan
Batting: RHB Rick Anderson 0-0: Ball
1-0: Fly out, F7 (Flyball, 78M, EV 88.8 MPH)
Batting: RHB Harrison Jordan 0-0: Foul Ball, location: 2F
0-1: Called Strike
0-2: Ball
1-2: Foul Ball, location: 2F
1-2: Ball
2-2: Fly out, F4 (Popup, 4S, EV 77.5 MPH)
Batting: RHB Reginald Botoman 0-0: Swinging Strike
0-1: Ball
1-1: Ball
2-1: Foul Ball, location: 2F
2-2: Ball
3-2: Base on Balls
Pitching: RHP Dalton Blair
Pinch Hitting: LHB Rayshaun Stuart 0-0: Ball
1-0: Foul Ball, location: 2F
1-1: Called Strike
1-2: Ball
2-2: Foul Ball, location: 2F
2-2: Foul Ball, location: 2F
2-2: Strikes out looking
Bottom of the 8th over - 0 runs, 0 hits, 0 errors, 1 left on base; Carolina 2 - Phoenix 1
TOP OF THE 9TH
Carolina Tobs batting - Pitching for Phoenix Roadrunners : LHP Keegan Groves
Now at 2B: Rayshaun Stuart
Batting: RHB Rykeem Potts 0-0: Called Strike
0-1: Called Strike
0-2: Ball
1-2: Strikes out looking
Pinch Hitting: RHB Marcus Fahr 0-0: Called Strike
0-1: Ball
1-1: Foul Ball, location: 2F
1-2: Strikes out swinging
Batting: SHB Shaunte Panteleo 0-0: Ball
1-0: Swinging Strike
1-1: Fly out, F8 (Line Drive, 78M, EV 95.6 MPH)
Top of the 9th over - 0 runs, 0 hits, 0 errors, 0 left on base; Carolina 2 - Phoenix 1
BOTTOM OF THE 9TH
Phoenix Roadrunners batting - Pitching for Carolina Tobs : RHP Dalton Blair
Now in RF: Kyle Siebert
Batting: LHB Dwight Bell 0-0: Ball
1-0: Ball
2-0: Called Strike
2-1: Called Strike
2-2: Ball
3-2: Strikes out swinging
Batting: LHB Neil Wanat 0-0: Ball
1-0: Fly out, F8 (Flyball, 89D, EV 96.2 MPH)
Batting: LHB Devon Cundiff 0-0: Ball
1-0: Ball
2-0: Called Strike
2-1: Foul Ball, location: 2F
2-2: Ball
3-2: Foul Ball, location: 2F
3-2: SINGLE (Line Drive, 6MD, EV 98.8 MPH)
Pinch Hitting: LHB Vinnie Ballew 0-0: Ball
1-0: Called Strike
Devon Cundiff steals 2nd base (no throw)
1-1: Ball
2-1: Ball
3-1: Called Strike
3-2: Foul Ball, location: 2F
3-2: Base on Balls
Pinch Hitting: LHB Tavin Kang 0-0: Called Strike
0-1: Hit by Pitch
Devon Cundiff to third
Vinnie Ballew to second
Batting: RHB Rick Anderson 0-0: Called Strike
0-1: Ball
1-1: Foul Ball, location: 2F
1-2: Ball
2-2: Ball
3-2: Base on Balls
Devon Cundiff scores
Vinnie Ballew to third
Tavin Kang to second
Batting: RHB Harrison Jordan 0-0: Ball
1-0: Fly out, F8 (Line Drive, 8LM, EV 100.0 MPH)
Bottom of the 9th over - 1 run, 1 hit, 0 errors, 3 left on base; Carolina 2 - Phoenix 2
TOP OF THE 10TH
Carolina Tobs batting - Pitching for Phoenix Roadrunners : LHP Keegan Groves
Pitching: LHP Gerold Lentz
Now at C: Taylor Allison
Now at 2B: Rick Anderson
Now at 3B: Rayshaun Stuart
Now in CF: Vinnie Ballew
Batting: RHB Casey Suggs 0-0: Ball
1-0: Called Strike
1-1: Ball
2-1: Foul Ball, location: 2F
2-2: Ball
3-2: Foul Ball, location: 2F
3-2: Strikes out swinging
Batting: SHB Sean Benjamin 0-0: Called Strike
0-1: Ground out 4-3 (Groundball, 4, EV 79.4 MPH)
Batting: LHB Spencer DeSimone 0-0: Fly out, F6 (Popup, P, EV 76.9 MPH)
Top of the 10th over - 0 runs, 0 hits, 0 errors, 0 left on base; Carolina 2 - Phoenix 2
BOTTOM OF THE 10TH
Phoenix Roadrunners batting - Pitching for Carolina Tobs : RHP Dalton Blair
Pitching: RHP Antonio Sutton
Batting: RHB Reginald Botoman 0-0: Hit by Pitch
Batting: LHB Rayshaun Stuart 0-0: Ball
1-0: Ball
2-0: Called Strike
2-1: Called Strike
2-2: Fly out, F9 (Line Drive, 9, EV 98.1 MPH)
Batting: LHB Dwight Bell 0-0: Ball
1-0: Called Strike
1-1: Ball
2-1: Fly out, F8 (Flyball, 8LD, EV 86.2 MPH)
Batting: LHB Neil Wanat 0-0: Ball
Reginald Botoman steals 2nd base
1-0: SINGLE (Line Drive, 8LS, EV 89.4 MPH)
Reginald Botoman to third
Runner from 3rd tries for Home, throw by CF and OUT! 8-2
Bottom of the 10th over - 0 runs, 1 hit, 0 errors, 1 left on base; Carolina 2 - Phoenix 2
TOP OF THE 11TH
Carolina Tobs batting - Pitching for Phoenix Roadrunners : LHP Gerold Lentz
Batting: LHB Trent West 0-0: Ball
1-0: Ball
2-0: Called Strike
2-1: Ball
3-1: Foul Ball, location: 2F
3-2: Foul Ball, location: 2F
3-2: Strikes out swinging
Batting: LHB Evan Turner 0-0: Ball
1-0: Called Strike
1-1: Fly out, F8 (Flyball, 8LM, EV 92.5 MPH)
Pinch Hitting: SHB Quinton Brown 0-0: Ball
1-0: Fly out, F9 (Flyball, 89M, EV 89.4 MPH)
Top of the 11th over - 0 runs, 0 hits, 0 errors, 0 left on base; Carolina 2 - Phoenix 2
BOTTOM OF THE 11TH
Phoenix Roadrunners batting - Pitching for Carolina Tobs : RHP Antonio Sutton
Now at 1B: Quinton Brown
Batting: LHB Devon Cundiff 0-0: TRIPLE (Line Drive, 7LD, EV 106.9 MPH)
Batting: LHB Vinnie Ballew 0-0: Intentional Walk
Batting: RHB Taylor Allison 0-0: Called Strike
0-1: Fly out, F7 (Flyball, 7LSF, EV 88.8 MPH)
Batting: RHB Rick Anderson 0-0: Called Strike
0-1: Fly out, F8 (Flyball, 8LM, EV 88.8 MPH)
Runner from 3rd tags up, SCORES, throw by CF
Bottom of the 11th over - 1 run, 1 hit, 0 errors, 1 left on base; Carolina 2 - Phoenix 3
Friday, May 3rd , 2024 - OOTP Baseball 23.10 Build 110